Match 47061413
Unlisted

Match 47061413
End
Scout Squad
Selects Airborne Battlegroup
Selects Airborne Battlegroup
Selects Heavy Machine Gun Paradrop
Heavy Machine Gun Paradrop
Engineer Squad
Heavy Machine Gun Paradrop
Infantry Support Center
Construct Weapon Support Center
Construct Medical Station
Heavy Machine Gun Paradrop
M3 Armored Personnel Carrier
Selects Paratrooper Squad Paradrop
Paratrooper Squad Paradrop
Selects Recon Loiter
Recon Loiter
Captain Retinue
M3 Armored Personnel Carrier
Paratrooper Squad Paradrop
Recon Loiter
Construct Tank Depot
M4A1 Sherman Medium Tank
Recon Loiter
Engineer Squad
Recon Loiter
Selects Anti-tank Gun Team Paradrop
Selects Supply Drop
Selects Dual P-47 Rocket Strike
M4A1 Sherman Medium Tank
Recon Loiter
Supply Drop
Dual P-47 Rocket Strike
M4A1 Sherman Medium Tank
Recon Loiter
M18 Hellcat Tank Destroyer
Dual P-47 Rocket Strike
Dual P-47 Rocket Strike
FeriG
Rei
0
0

Comments sign in to comment!

No comments posted yet!